 Dungeon Crawl Stone Soup version 0.18-a0-1639-g7533f42 (webtiles) character file.

4398 M4edhros the Covert (level 10, -2/94 HPs)
             Began as an Octopode Fighter on Mar 27, 2016.
             Was an Initiate of Gozag.
             Slain by Urug
             ... wielding a +4 long sword of slicing
              (8 damage)
             ... on level 10 of the Dungeon.
             The game lasted 00:12:00 (7906 turns).

M4edhros the Covert (Octopode Fighter)              Turns: 7906, Time: 00:12:01

Health: -2/94      AC: 30    Str: 20    XL:     10   Next: 35%
Magic:  10/10      EV:  2    Int: 10    God:    Gozag
Gold:   1873       SH: 12    Dex: 16    Spells: 0 memorised, 9 levels left

rFire  x . .     SeeInvis .     i - +1 short sword (protect)
rCold  + . .     Gourm    .     b - +1 shield
rNeg   + + +     Faith    .     (helmet currently unavailable)
rPois  +         Spirit   .     p - amulet of magic regeneration
rElec  .         Dismiss  .     f - ring of loudness (curse)
rCorr  .         Reflect  .     w - ring of ice
SustAt .         Harm     .     z - ring of teleportation (curse)
MR     .....     NoTele   +     (no ring)
Stlth  ++++++++..               (no ring)
                                (no ring)
                                (no ring)
                                (no ring)

@: mighty, tree-form, gold aura, not resistant to hostile enchantments,
extraordinarily stealthy
A: almost no armour, (amphibious), 8 rings, (constrict 8), (camouflage 0),
(gelatinous body 0)
a: Potion Petition, Call Merchant, Bribe Branch, Renounce Religion


You were on level 10 of the Dungeon.
You worshipped Gozag.
Gozag was noncommittal.
You were not hungry.
You were a tree.
You visited 1 branch of the dungeon, and saw 10 of its levels.

You collected 1908 gold pieces.
You paid 35 gold pieces to Gozag.

Inventory:

Hand Weapons
 a - a +1 trident
 i - a +1 short sword of protection (weapon)
 q - a +0 hunting sling
Missiles
 g - 282 stones (quivered)
 m - 56 sling bullets
 y - 16 steel sling bullets
Armour
 b - a +1 shield (worn)
Jewellery
 f - a cursed ring of loudness (left branch)
 p - an amulet of magic regeneration (around neck)
 w - a ring of ice (right branch)
 z - a cursed ring of teleportation (on tentacle)
Wands
 s - a wand of acid (0/15)
 v - a wand of disintegration (13/24)
 x - a wand of random effects (1/48)
 C - a wand of acid (0/15)
 D - a wand of random effects (39/48)
 E - a wand of lightning (0/15)
 G - a wand of polymorph (14/24)
 H - a wand of flame (23/48)
Scrolls
 j - a scroll of recharging
 l - 3 scrolls of identify
 n - a scroll of enchant armour
 o - 2 scrolls of immolation
 r - a scroll of magic mapping
 u - 3 scrolls of fog
Potions
 c - 2 potions of might
 e - a potion of flight
 k - 2 potions of agility
 t - a potion of haste
 A - a potion of resistance {unknown}
 F - a potion of ambrosia
Comestibles
 d - 6 bread rations
 h - 2 meat rations
 I - a beef jerky
 J - 24 fruits


   Skills:
 - Level 3.0 Fighting
 - Level 2.6 Polearms
 + Level 8.4 Dodging
 * Level 13.6 Stealth
 + Level 7.9 Shields


You had 9 spell levels left.
You didn't know any spells.

Dungeon Overview and Level Annotations

Branches:
Dungeon (9/15)             Temple (0/1) D:6
   Lair: D:8-11         Orc: D:9-12

Altars:
Ashenzari
Dithmenos
Elyvilon
Fedhas
Gozag
Kikubaaqudgha
Okawaru
Sif Muna
Trog
Vehumet
Yredelemnul
Zin
The Shining One

Shops:
D:5 !

Annotations:
D:4 exclusion: oklob plant
D:8 ithil's ghost, novice MiFi
D:10 Urug


Innate Abilities, Weirdness & Mutations

You cannot wear most types of armour.
((You are amphibious.))
You can wear up to eight rings at the same time.
((You can use your tentacles to constrict eight enemies at once.))
((Your skin changes colour to match your surroundings (Stealth).))
((Your rubbery body absorbs attacks (AC +1).))


Message History

You block Urug's attack.
Evoke which item? (* to show all) (? for menu, Esc to quit)
Zapping:
s - a wand of acid {zapped: 6} (will waste charges)
Press: ? - help, Shift-Dir - straight line, f/p - Urug
Aim: Urug, wielding a long sword of slicing and wearing a leather armour (heavily wounded, unusually agile, covered in acid) Nothing appears to happen.
Urug hits you but does no damage.
You puncture Urug!
Urug is severely wounded.
You block Urug's attack.
You hit Urug.
Urug is almost dead.
Urug hits you but does no damage.
You miss Urug.
Urug is almost dead.
Urug hits you but does no damage.
You barely miss Urug.
Urug is almost dead.
Urug hits you with a long sword of slicing!
You die...
Your body crumbles into a pile of gold. . ....#################### .[..'$o♣(((............. ....#################### .

You could see Urug.

Vanquished Creatures
  Sigmund (D:6)
  2 hippogriffs
  A hungry ghost (D:7)
  Duvessa (D:5)
  3 orc warriors
  3 ice beasts
  A black bear (D:5)
  3 phantoms
  A necrophage (D:10)
  3 ogres
  A centaur (D:10)
  6 big kobolds
  4 giant frogs
  Dowan (D:5)
  A scorpion (D:6)
  5 wights (D:6)
  5 howler monkeys
  3 crimson imps
  5 hounds
  A centaur zombie (D:8)
  4 orc wizards
  6 orc priests
  A centaur skeleton (D:5)
  An iguana (D:7)
  Jessica (D:2)
  A giant frog skeleton (D:4)
  3 worker ants
  Natasha (thrice) (D:4)
  A hound skeleton (D:6)
  A worker ant zombie (D:7)
  2 gnolls (D:3)
  10 adders
  2 river rats (D:3)
  A hound simulacrum (D:9)
  2 shadow imps
  A white imp (D:9)
  An ufetubus (D:9)
  An ooze (D:3)
  3 adder skeletons
  3 worms (D:2)
  4 dart slugs
  9 giant geckos
  35 orcs
  7 giant cockroaches
  11 hobgoblins
  9 jackals
  2 quokkas
  3 ball pythons
  8 bats
  8 giant newts
  7 goblins
  A jackal zombie (D:5)
  50 kobolds
  6 rats
259 creatures vanquished.

Vanquished Creatures (others)
  9 toadstools (D:4)
9 creatures vanquished.

Grand Total: 268 creatures vanquished

Notes
Turn   | Place    | Note
--------------------------------------------------------------
     0 | D:1      | M4edhros the Octopode Fighter began the quest for the Orb.
     0 | D:1      | Reached XP level 1. HP: 16/16 MP: 1/1
    64 | D:1      | Reached XP level 2. HP: 21/21 MP: 2/2
   222 | D:1      | Reached XP level 3. HP: 26/26 MP: 3/3
   776 | D:2      | Found a white marble altar of Elyvilon.
   878 | D:2      | Noticed Jessica
   883 | D:2      | Killed Jessica
   883 | D:2      | Reached skill level 1 in Stealth
   883 | D:2      | Reached XP level 4. HP: 31/31 MP: 4/4
   886 | D:2      | Found an opulent altar of Gozag.
   903 | D:2      | Became a worshipper of Gozag Ym Sagoz the Greedy
   984 | D:2      | Found a basalt altar of Yredelemnul.
  1054 | D:2      | Reached skill level 2 in Stealth
  1299 | D:3      | Reached XP level 5. HP: 36/36 MP: 5/5
  1304 | D:3      | Reached skill level 3 in Stealth
  1460 | D:3      | Noticed a big kobold
  1471 | D:3      | Killed a big kobold
  1471 | D:3      | Reached skill level 4 in Stealth
  1471 | D:3      | Reached XP level 6. HP: 32/42 MP: 6/6
  1557 | D:3      | Reached skill level 5 in Stealth
  1785 | D:3      | Reached XP level 7. HP: 15/46 MP: 7/7
  1786 | D:3      | Reached skill level 5 in Dodging
  1786 | D:3      | Reached skill level 6 in Stealth
  1791 | D:3      | Reached skill level 5 in Shields
  2147 | D:3      | Found an ancient bone altar of Kikubaaqudgha.
  2149 | D:3      | Found a blossoming altar of Fedhas.
  2733 | D:4      | Noticed Natasha
  2740 | D:4      | Killed Natasha
  2766 | D:4      | Reached skill level 7 in Stealth
  2792 | D:4      | Found a bloodstained altar of Trog.
  2850 | D:4      | Noticed Natasha
  2861 | D:4      | Killed Natasha
  3038 | D:4      | Reached XP level 8. HP: 21/52 MP: 8/8
  3203 | D:4      | Noticed Natasha
  3209 | D:4      | Reached skill level 8 in Stealth
  3216 | D:4      | Killed Natasha
  3514 | D:4      | Found a blossoming altar of Fedhas.
  3524 | D:4      | Noticed an oklob plant
  3617 | D:4      | Found a glowing silver altar of Zin.
  3762 | D:5      | Entered Level 5 of the Dungeon
  3792 | D:5      | Found Caygimos's Distillery.
  3908 | D:5      | Noticed Duvessa
  3910 | D:5      | Noticed Dowan
  3921 | D:5      | Killed Duvessa
  3921 | D:5      | Reached skill level 9 in Stealth
  3922 | D:5      | Killed Dowan
  3947 | D:5      | Found a shadowy altar of Dithmenos.
  4283 | D:5      | Reached skill level 10 in Stealth
  4469 | D:6      | Found a radiant altar of Vehumet.
  4469 | D:6      | Noticed Sigmund
  4518 | D:5      | Reached XP level 9. HP: 46/56 MP: 9/9
  4587 | D:6      | Killed Sigmund
  4634 | D:6      | Found a staircase to the Ecumenical Temple.
  5015 | D:6      | Reached skill level 11 in Stealth
  6106 | D:7      | Found a deep blue altar of Sif Muna.
  6109 | D:7      | Found an iron altar of Okawaru.
  6203 | D:7      | Found a shattered altar of Ashenzari.
  6279 | D:7      | Found a glowing golden altar of the Shining One.
  6341 | D:7      | Reached skill level 12 in Stealth
  6743 | D:7      | Reached XP level 10. HP: 55/63 MP: 10/10
  6872 | D:7      | Reached skill level 13 in Stealth
  7126 | D:8      | Noticed ithil's ghost (novice MiFi)
  7176 | D:8      | Found a bloodstained altar of Trog.
  7714 | D:9      | You fall through a shaft!
  7714 | D:10     | Entered Level 10 of the Dungeon
  7872 | D:10     | Noticed Urug
  7893 | D:10     | HP: 3/94 [Urug/long sword of slicing (7)]
  7906 | D:10     | Slain by Urug

Vault maps used:
D:1:      dpeg_arrival_rooms_a, minmay_misc_feat_tiny
D:2:      old_standard_altar, elyvilon_altar_5, grunt_gozag_statues,
          uniq_jessica
D:3:      minmay_goblin_kobold_castle, grunt_temple_overflow_growth_and_decay,
          gup_sewer_entry_bubbles
D:4:      kennysheep_little_box, kennysheep_mini_moat, first_bread,
          serial_glass, glass_columns_a, glass_columns_a, glass_columns_a,
          glass_columns_a, glass_columns_a, glass_columns_a, glass_columns_a,
          glass_columns_a, minmay_strange_pillars, tgw_fedhas, uniq_natasha
D:5:      serial_shops, shop, nicolae_dithmenos_the_darkroom, uniq_duvessa
D:6:      overflow_temple_1_default, minmay_temple_entry_glassed_door,
          minmay_strange_pillars, uniq_sigmund
D:7:      okawaru_ov_weapons_minmay, marbit_many_paths, lemuel_crystal_altar,
          ashenzari_altar_1
D:8:      slow_altar_2, lemuel_round_altar, basic_altar, blue_anna_alchemist,
          nemelex_diamond_rough_becter
D:9:      lair_0_dummy, serial_ice, serial_ice_h, serial_ice_n, serial_ice_i,
          serial_ice_e, serial_ice_o, serial_ice_m,
          nicolae_tso_swordbearing_angel
D:10:     due_megacathedral, uniq_urug, uniq_gastronok

Skill      XL: |  1  2  3  4  5  6  7  8  9 10 |
---------------+-------------------------------+-----
Stealth        | 1 2 4 5 7 10 12 13 | 13.6
Dodging        | 4 5 6 7 8 |  8.4
Shields        | 4 5 6 7 |  7.9
Fighting       | |  3.0
Polearms       | |  2.6

Action                   |  1- 3 |  4- 6 |  7- 9 | 10-12 || total
-------------------------+-------+-------+-------+-------++-------
Melee: Trident           |    74 |       |   215 |     9 ||   298
       Short sword       |    16 |   147 |   155 |   138 ||   456
Evoke: Wand              |       |       |     3 |    12 ||    15
  Use: Scroll            |     2 |       |    12 |     1 ||    15
       Potion            |       |     3 |     9 |     3 ||    15
 Stab: Sleeping          |    10 |     4 |    28 |    10 ||    52
       Distracted        |       |       |     5 |     2 ||     7
  Eat: Meat ration       |       |     1 |     3 |     1 ||     5
       Bread ration      |       |       |     1 |       ||     1
